 Dungeon Crawl Stone Soup version 0.29-a0-284-gf9362112df (webtiles) character file.

Game seed: 101000795143838361

16 PaleWalker the Vexing (level 2, -1/11 HPs)
             Began as a Felid Enchanter on Mar 14, 2022.
             Succumbed to a kobold's poison
             ... on level 1 of the Dungeon.
             The game lasted 00:02:14 (587 turns).

PaleWalker the Vexing (Felid Enchanter)              Turns: 587, Time: 00:02:15

Health: -1/11      AC:  1    Str:  4    XL:     2   Next: 41%
Magic:  6/6        EV: 17    Int: 16    God:
Gold:   44         SH:  0    Dex: 16    Spells: 3/5 levels left
                                        Lives:  0   Deaths: 0

rFire   . . .      SeeInvis +     - Unarmed
rCold   . . .      Faith    .   (shield unavailable)
rNeg    . . .      Spirit   .   (body armour unavailable)
rPois   .          Reflect  .   (helmet unavailable)
rElec   .          Harm     .   (cloak unavailable)
rCorr   .          Rampage  .   (gloves unavailable)
Will    .....                   (boots unavailable)
Stlth   +++.......              (no amulet)
HPRegen 0.03/turn               (no ring)
MPRegen 0.10/turn               (no ring)

@: lethally poisoned (-1 -> -22), quick
A: very small, claws 1, fangs 3, see invisible, speed 1, shaggy fur 1, stealthy
paws, no weapons or thrown items, no armour, multi-lived
a: no special abilities


You were on level 1 of the Dungeon.
You visited 1 branch of the dungeon, and saw 1 of its levels.

You collected 44 gold pieces.

Inventory:

Scrolls
 b - a scroll of holy word {unknown}
 c - 2 scrolls of identify {unknown}
Potions
 a - 2 potions of invisibility
 d - a potion of haste {unknown}
 e - a potion of cancellation {unknown}


   Skills:
 - Level 2.6 Dodging
 * Level 4.5 Stealth
 + Level 1.5 Unarmed Combat
 - Level 2.0 Spellcasting
 + Level 4.8 Hexes


You had 3 spell levels left.
You knew the following spells:

 Your Spells              Type           Power      Damage    Failure   Level
a - Ensorcelled Hibernat  Hex/Ice        18%        N/A       12%         2

Your spell library contained the following spells:

 Spells                   Type           Power      Damage    Failure   Level
 Confusing Touch          Hex            17%        N/A       9%          3
 Tukima's Dance           Hex            17%        N/A       9%          3
 Dazzling Flash           Conj/Hex       18%        N/A       22%         3


Dungeon Overview and Level Annotations

Branches:
Dungeon (1/15)

Altars:


Innate Abilities, Weirdness & Mutations

You have sharp claws.
You have razor-sharp teeth.
You have supernaturally acute eyesight. (SInv)
You cover ground quickly. (Speed+)
You are covered in fur. (AC +1)
Your paws help you pounce on unaware monsters.
You are incapable of wielding weapons or throwing items.
You cannot wear armour.
You gain extra lives every three experience levels.


Message History

The endoplasm misses you.
You scratch the endoplasm.
You kill the endoplasm!
Memorise Ensorcelled Hibernation, consuming 2 spell levels and leaving 3?
You start memorising the spell.
You continue memorising. x2
You finish memorising.
Spell assigned to 'a'.
Casting: Ensorcelled Hibernation (safe; 12% risk of failure)
Confirm with . or Enter, or press ? or * to list all spells.
Okay, then.
A goblin comes into view. It is wielding a +0 club.
A ball python comes into view.
Found a mace.
Found a stone staircase leading down.
You pounce on the unaware helpless goblin!
You claw the goblin!
You kill the goblin!
A kobold comes into view.
It is wielding a +1 short sword of venom.
The kobold shouts!
The ball python hisses angrily.
You hear an angry hiss.
Things that are here:
a +0 club; a goblin corpse You scratch the ball python but do no damage.
The ball python misses you. x2
A hobgoblin comes into view.
You barely miss the ball python.
The hobgoblin shouts!
Your bite misses the ball python. The ball python barely misses you.
The ball python closely misses you.
You scratch the ball python.
You kill the ball python!
You barely miss the kobold.
A frilled lizard comes into view.
The kobold hits you with a +1 short sword of venom.
You are lethally poisoned!
You closely miss the kobold.
You feel sick.
A quokka comes into view.
The kobold hits you with a +1 short sword of venom.
You are more poisoned.
You scratch the kobold.
You kill the kobold!
You die...

#........
#....[...
#........
###.##### #..#
###.## #. ###...#
#>r.###### #.....#
##
#..lg)@).###.###.#
##. #...####.....#
#...##.. #.
##.?### ###.#..#
#.$.# #.....
...### ###.#. ##..
#.## ##. #.#. #)
..#. .. ## .##.


You could see a quokka, a hobgoblin and a frilled lizard.

Vanquished Creatures
  3 ball pythons (D:1)
  2 bats (D:1)
  3 endoplasms (D:1)
  2 goblins (D:1)
  A quokka (D:1)
  3 kobolds (D:1)
  A rat (D:1)
15 creatures vanquished.

Notes
Turn   | Place    | Note
-------+----------+-------------------------------------------
     0 | D:1      | PaleWalker the Felid Enchanter began the quest for the Orb.
     0 | D:1      | Reached XP level 1. HP: 7/7 MP: 4/4
   401 | D:1      | Reached XP level 2. HP: 11/11 MP: 6/6
   568 | D:1      | Learned a level 2 spell: Ensorcelled Hibernation
   587 | D:1      | Succumbed to a kobold's poison

Illustrated notes

Levels and vault maps discovered:
D:1:      lightli_arrival_flooded_house, layout_rooms,
          shapermc_ecumenical_altar_hornbeckon, minmay_quantized

Action                   || total
-------------------------++-------
Melee: Unarmed           ||    34
       Bite              ||     3
 Stab: Sleeping          ||     5
Dodge: Dodged            ||    30

Table legend: (Time is in decaauts)
 A = Elapsed time spent in this place.
 B = Non-inter-level travel time spent in this place.
 C = Inter-level travel time spent in this place.
 D = Time resting spent in this place.
 E = Time spent auto-exploring this place.
 F = Levels seen in this place.
 G = Mean time per level.
                   A        B        C        D        E       F      G
               +--------+--------+--------+--------+--------+-----+--------+
         Total |    523 |    523 |      0 |      0 |    368 |   1 |  523.0 |
       Dungeon |    523 |    523 |      0 |      0 |    368 |   1 |  523.0 |
               +--------+--------+--------+--------+--------+-----+--------+

Top non-repeatable levels by time:
     D:1: 523 daAuts
